 Dungeon Crawl Stone Soup version 0.31-a0-214-gb37851dbb3 (webtiles) character file.

Game seed: 3689906082192327898

546 qw the Chopper (level 7, -3/44 HPs)
             Began as a Gargoyle Fighter on July 1, 2023.
             Slain by a wight
             ... wielding a +3 halberd
              (7 damage)
             ... on level 6 of the Dungeon.
             The game lasted 00:01:55 (4194 turns).

qw the Chopper (Gargoyle Fighter)                   Turns: 4194, Time: 00:01:55

Health: -3/44      AC: 16    Str: 22    XL:     7   Next: 28%
Magic:  7/7        EV:  6    Int:  8    God:
Gold:   278        SH:  5    Dex: 15    Spells: 6/6 levels left

rFire   . . .        Y - +1 war axe
rCold   . . .        c - +0 buckler
rNeg    + . .        j - +0 plate armour
rPois   inf          (no helmet)
rElec   +            (no cloak)
rCorr   .            (no gloves)
SInv    .            (no boots)
Will    .....        k - amulet of the acrobat Stlth
                     f - +6 ring of dexterity
HPRegen 0.27/turn    (no ring)
MPRegen 0.10/turn

%: acrobat
@: about to teleport
A: sickness immunity, AC +4, negative energy resistance 1, electricity
resistance, torment resistance 1, petrification resistance
a: no special abilities


You were on level 6 of the Dungeon.
You visited 2 branches of the dungeon, and saw 7 of its levels.

You collected 278 gold pieces.


Innate Abilities, Weirdness & Mutations

You are immune to sickness and miasma.
Your stone body is resilient. (AC +4)
You are immune to poison.
You resist negative energy. (rN+)
You are resistant to electric shocks. (rElec)
You are resistant to unholy torment.
You are immune to petrification.


   Skills:
 - Level 4.4 Fighting
 + Level 6.3 Axes
 - Level 3.2 Armour
 - Level 1.4 Dodging
 - Level 3.2 Shields


You had 6 spell levels left.
You didn't know any spells.
Your spell library was empty.

Inventory:

Hand Weapons
 m - a +0 flail
 Y - a +1 war axe (weapon)
Armour
 c - a +0 buckler (worn)
 h - +0 fire dragon scales
 j - a +0 plate armour (worn)
Jewellery
 f - a +6 ring of dexterity (left hand)
 k - an amulet of the acrobat (around neck)
Scrolls
 i - a scroll of teleportation
 n - 2 scrolls of fog {unknown}
Potions
 a - a potion of curing {unknown}
 b - a potion of mutation {unknown}
 d - 3 potions of might
 e - a potion of lignification
 g - a potion of brilliance {unknown}
 l - a potion of haste {unknown}

Dungeon Overview and Level Annotations

Branches:
Dungeon (6/15)             Temple (1/1) D:4

Altars:
Ashenzari
Cheibriados
Dithmenos
Fedhas
Gozag
Kikubaaqudgha
Makhleb
Sif Muna
Trog
Uskayaw
Vehumet
Wu Jian
Xom
Zin


Message History

You kill the adder!
You open the door.
Found a leather armour.
There is an open door here.
Found a throwing net.
n - 2 scrolls labelled SYR ORIQ NOCRA A wight comes into view.
It is wielding a +4 halberd.
There is an open door here.
4185 ||| Stepping ~*~*~tactically~*~*~ (stealth).
There is an open door here.
A wight comes into view. It is wielding a +3 halberd.
The wight barely misses you. The wight completely misses you.
The wight closely misses you.
You closely miss the wight. You hit the wight.
The wight hits you with a +3 halberd. The wight hits you with a +4 halberd!
You barely miss the wight.
The wight is lightly damaged.
You hit the wight but do no damage.
The wight hits you but does no damage. x2
You closely miss the wight.
The wight is lightly damaged.
You closely miss the wight. The wight barely misses you.
The wight hits you with a +4 halberd! The wight hits you with a +3 halberd!
You block the wight's attack.
You hit the wight but do no damage.
The wight is lightly damaged.
You closely miss the wight. The wight hits you with a +3 halberd.
A wight comes into view. It is wielding a +0 halberd.
You block the wight's attack.
4193 ||| READING 2 scrolls of teleportation.
As you read the scroll of teleportation, it crumbles to dust.
You feel strangely unstable. The wight hits you with a +3 halberd.
The wight hits you with a +4 halberd.
You completely miss the wight.
The wight is lightly damaged.
You slash the wight!
A wight comes into view. It is wielding a +2 great sword.
The wight hits you with a +3 halberd!
You die...

.... ..#### # #.#.. .
#...#########z# ###
#...##(.....#z# .<#
#.#.#..#..[##.#
..####...#####.##..#
..#......'...#'#.z.#
....##.#.##.....@z.#
..####.#.###........#
..# #...# #.........#
..####.#.#
+#...#.......
.......#.#
#.........###
######.#.#
#........## #.#.#
........#+
#.+...#+#...# #.#


You could see 4 wights.

Vanquished Creatures
  2 ogres (D:4)
  A scorpion (D:5)
  An orc priest (D:3)
  3 hounds (D:5)
  A sleepcap (D:6)
  An iguana (D:6)
  4 adders
  A worm (D:3)
  2 dart slugs
  20 orcs
  3 bats (D:1)
  10 endoplasms
  A giant cockroach (D:1)
  8 goblins (D:1)
  12 hobgoblins
  3 jackals (D:3)
  6 kobolds
  4 quokkas
  5 ball pythons
  2 frilled lizards (D:1)
  6 rats
96 creatures vanquished.

Notes
Turn   | Place    | Note
-------+----------+-------------------------------------------
     0 | D:1      | qw the Gargoyle Fighter began the quest for the Orb.
     0 | D:1      | Reached XP level 1. HP: 14/14 MP: 1/1
     0 | D:1      | 0 ||| qw: Version: 0.3-a-32-g5962c71
     0 | D:1      | 0 ||| qw: Game counter: 7675
     0 | D:1      | 0 ||| qw: Melee chars always use a shield: true
     0 | D:1      | 0 ||| qw: God list: Okawaru
     0 | D:1      | 0 ||| qw: Allow faded altars: false
     0 | D:1      | 0 ||| qw: Do Orc after clearing Dungeon:15 true
     0 | D:1      | 0 ||| qw: Do second Lair branch before Depths: true
     0 | D:1      | 0 ||| qw: Lair rune preference: random
     0 | D:1      | 0 ||| qw: Goals: Normal, Zot:1-4, Slime:5, God:TSO, Crypt,
                  | Tomb, Abyss, Pan, Hells, Win
     0 | D:1      | 0 ||| PLANNING D:1-11
    35 | D:1      | Reached skill level 2 in Axes
   121 | D:1      | Reached XP level 2. HP: 17/19 MP: 2/2
   140 | D:1      | 140 ||| Stepping ~*~*~tactically~*~*~ (stealth).
   141 | D:1      | 141 ||| Stepping ~*~*~tactically~*~*~ (stealth).
   156 | D:1      | 156 ||| Stepping ~*~*~tactically~*~*~ (stealth).
   184 | D:1      | Found a faded altar of an unknown god.
   185 | D:1      | 185 ||| Stepping ~*~*~tactically~*~*~ (stealth).
   306 | D:1      | Reached skill level 3 in Axes
   413 | D:1      | Reached XP level 3. HP: 22/23 MP: 3/3
   450 | D:1      | 450 ||| Stepping ~*~*~tactically~*~*~ (stealth).
   494 | D:1      | 494 ||| Stepping ~*~*~tactically~*~*~ (hiding).
   689 | D:1      | 689 ||| DROPPING +0 club.
   811 | D:1      | 811 ||| UPGRADING to +0 fire dragon scales.
   821 | D:1      | 821 ||| DROPPING +0 scale mail.
   822 | D:1      | 822 ||| READING scroll labelled CIANKI RYHAY.
   823 | D:1      | 823 ||| READING 2 scrolls labelled QOEXTE NULEMM.
   824 | D:1      | 824 ||| DROPPING scroll of vulnerability.
   856 | D:2      | 856 ||| STAIRDANCE
   891 | D:2      | 891 ||| DROPPING +0 whip.
  1446 | D:2      | 1446 ||| DROPPING +0 chain mail.
  1447 | D:2      | 1447 ||| UPGRADING to +0 plate armour.
  1457 | D:2      | 1457 ||| UPGRADING to +6 ring of dexterity.
  1458 | D:2      | 1458 ||| READING scroll labelled DYD RIPNUV.
  1462 | D:2      | 1462 ||| READING scroll labelled UNGAM FOWAAWN.
  1463 | D:2      | 1463 ||| DRINKING 2 glowing red potions.
  1473 | D:2      | 1473 ||| DROPPING potion of ambrosia.
  1521 | D:3      | 1521 ||| Stepping ~*~*~tactically~*~*~ (hiding).
  1525 | D:3      | Reached XP level 4. HP: 28/28 MP: 4/4
  1720 | D:3      | Reached skill level 4 in Axes
  1748 | D:3      | 1748 ||| Stepping ~*~*~tactically~*~*~ (stealth).
  1752 | D:3      | 1752 ||| Stepping ~*~*~tactically~*~*~ (stealth).
  1779 | D:3      | Reached skill level 1 in Dodging
  1915 | D:3      | Reached XP level 5. HP: 29/32 MP: 5/5
  2141 | D:3      | Found a snail-covered altar of Cheibriados.
  2224 | D:3      | 2224 ||| UPGRADING to amulet of the acrobat.
  2229 | D:3      | 2229 ||| READING scroll labelled QAUTHR SINE.
  2250 | D:3      | 2250 ||| READING 2 scrolls labelled YRA VOOS EDAAT.
  2251 | D:3      | 2251 ||| READING 3 scrolls labelled TOECET VICH.
  2252 | D:3      | 2252 ||| READING 4 scrolls labelled JANAULYVEGG.
  2253 | D:3      | 2253 ||| READING scroll labelled ROWYDGH IRHUA.
  2254 | D:3      | 2254 ||| DROPPING scroll of fear.
  2255 | D:3      | 2255 ||| DROPPING 2 scrolls of butterflies.
  2256 | D:3      | 2256 ||| DROPPING 3 scrolls of amnesia.
  2274 | D:4      | 2274 ||| Stepping ~*~*~tactically~*~*~ (hiding).
  2278 | D:4      | 2278 ||| Stepping ~*~*~tactically~*~*~ (hiding).
  2434 | D:4      | Noticed an ogre
  2439 | D:4      | Killed an ogre
  2440 | D:4      | Reached skill level 5 in Axes
  2440 | D:4      | Reached XP level 6. HP: 37/37 MP: 6/6
  2517 | D:4      | 2517 ||| Stepping ~*~*~tactically~*~*~ (stealth).
  2572 | D:4      | Identified the +1 robe "Heut" {Harm rElec rF- Str+8 Slay-4}
  2665 | D:4      | 2665 ||| Stepping ~*~*~tactically~*~*~ (hiding).
  2666 | D:4      | 2666 ||| Stepping ~*~*~tactically~*~*~ (hiding).
  2905 | D:4      | Found a staircase to the Ecumenical Temple.
  2906 | D:4      | 2906 ||| PLANNING TEMPLE
  2906 | D:4      | 2906 ||| DRINKING 2 murky white potions.
  2956 | Temple   | Entered the Ecumenical Temple
  3127 | Temple   | 3127 ||| PLANNING D:1-11
  3274 | D:5      | Entered Level 5 of the Dungeon
  3550 | D:5      | Found a burning altar of Makhleb.
  3723 | D:5      | Reached XP level 7. HP: 41/44 MP: 7/7
  3734 | D:5      | 3734 ||| DROPPING +0 mace.
  3770 | D:5      | Reached skill level 6 in Axes
  3908 | D:5      | Found a glowing silver altar of Zin.
  3908 | D:5      | Noticed an angel
  4017 | D:5      | 4017 ||| DROPPING +3 chain mail.
  4185 | D:6      | 4185 ||| Stepping ~*~*~tactically~*~*~ (stealth).
  4192 | D:6      | HP: 9/44 [wight/+3 halberd (3)]
  4193 | D:6      | 4193 ||| READING 2 scrolls of teleportation.
  4193 | D:6      | HP: 4/44 [wight/+4 halberd (3)]
  4194 | D:6      | Slain by a wight

Levels and vault maps discovered:
D:1:      lightli_arrival_chessboard, layout_basic,
          shapermc_ecumenical_altar_starsandcircs
D:2:      wander_river, layout_loops_cross, grunt_decor_one_mirror, hex_medium
D:3:      layout_basic, slow_altar_2, st_stairs_12
D:4:      layout_gridville, minmay_temple_entry_glassed_door
D:5:      layout_basic, lightli_temple_of_fire, zin_angel,
          kennysheep_generic_room_4
D:6:      layout_loops_ring, lemuel_crystal_altar, minmay_pentangle
Temple:   chequers_temple_sunken

Skill      XL: |  1  2  3  4  5  6  7 |
---------------+----------------------+-----
Axes           | 2 3 4 5 6 |  6.3
Dodging        | 1 |  1.4
Fighting       | 4 |  4.4
Armour         | |  3.2
Shields        | |  3.2

Action                     |  1- 3 |  4- 6 |  7- 9 || total
---------------------------+-------+-------+-------++-------
  Melee: War axe           |   110 |   128 |    22 ||   260
  Throw: Boomerang         |       |    52 |       ||    52
    Use: Scroll            |     4 |     5 |     1 ||    10
         Potion            |     1 |     1 |       ||     2
 Armour: Scale mail        |    26 |       |       ||    26
         Fire dragon scale |    14 |       |       ||    14
         Plate armour      |     2 |    73 |     9 ||    84
  Dodge: Dodged            |    47 |    35 |     7 ||    89
  Block: Buckler           |    24 |    25 |     5 ||    54

Table legend:
 A = Non-vault XP
 B = Vault XP
 C = Vault XP percentage of total XP
 D = Non-vault monster count
 E = Vault monster count
 F = Vault count percentage of total count
                 A         B        C        D         E       F
            +---------+---------+-------+---------+---------+-------
      Total |     771 |       9 |   1.2 |      93 |       3 |   3.1
            +---------+---------+-------+---------+---------+-------
        D:1 |      63 |       0 |   0.0 |      34 |       0 |   0.0
        D:2 |      12 |       0 |   0.0 |       8 |       0 |   0.0
        D:3 |     107 |       6 |   5.3 |      23 |       2 |   8.0
        D:4 |     290 |       0 |   0.0 |      17 |       0 |   0.0
        D:5 |     211 |       3 |   1.4 |       8 |       1 |  11.1
        D:6 |      88 |       0 |   0.0 |       3 |       0 |   0.0
            +---------+---------+-------+---------+---------+-------
